Map: Neon Violet Square LE

Players

JagrsMullets - Winner!

  • Race: Protoss Protoss
  • Spawn Location: 11:00

A.I. 1 (Hard)

  • Race: Zerg Zerg
  • Spawn Location: 5:00

VOD

Have the link to the VOD?

Description

Time

  • Played on: Dec. 19, 2017, 2:18 a.m.
  • Length: 18:55
Show
View Real Time Build Order
Export as new Build Order

JagrsMullets Protoss - Winner!

Build Orders:  

Get SALT Encoding   

  12  0:01  Probe (Chrono Boost)  
  13  0:11  Probe (Chrono Boost)  
  14  0:21  Pylon  
  14  0:30  Probe  
  15  0:42  Assimilator, Probe  
  16  0:49  Forge  
  16  0:54  Probe  
  17  1:05  Assimilator  
  17  1:06  Probe  
  18  1:16  Pylon  
  18  1:18  Probe  
  19  1:35  Probe (Chrono Boost)  
  20  1:45  Photon Cannon, Probe (Chrono Boost)  
  21  1:50  Probe (Chrono Boost)  
  22  1:57  Photon Cannon  
  22  2:01  Probe  
  22  2:08  Pylon  
  23  2:13  Probe (Chrono Boost)  
  24  2:16  Photon Cannon  
  24  2:25  Probe (Chrono Boost)  
  25  2:32  Probe (Chrono Boost)  
  26  2:48  Nexus  
  26  3:02  Gateway  
  26  3:08  Pylon  
  26  3:15  Assimilator  
  26  3:19  Assimilator  
  26  3:54  Cybernetics Core  
  26  4:07  Pylon  
  26  4:11  Pylon  
  26  4:29  Photon Cannon  
  26  4:31  Photon Cannon  
  26  4:37  Photon Cannon  
  26  4:40  Photon Cannon  
  26  4:59  Photon Cannon  
  26  5:05  Photon Cannon  
  26  5:08  Photon Cannon  
  26  5:18  Pylon  
  26  5:23  Probe (Chrono Boost)  
  27  5:31  Stargate  
  27  5:32  Stargate  
  27  5:33  Probe (Chrono Boost)  
  28  5:37  Stargate  
  28  5:38  Probe (Chrono Boost)  
  29  5:46  Pylon  
  29  5:47  Pylon  
  29  5:52  Probe (Chrono Boost)  
  29  5:55  Probe (Chrono Boost)  
  31  6:04  Probe (Chrono Boost)  
  33  6:05  Probe (Chrono Boost)  
  33  6:10  Probe (Chrono Boost)  
  34  6:12  Probe (Chrono Boost)  
  34  6:16  Probe, Robotics Facility  
  36  6:22  Robotics Facility  
  36  6:39  Fleet Beacon  
  36  6:44  Probe  
  37  6:56  Probe  
  38  7:03  Nexus  
  38  7:21  Stargate  
  38  7:40  Pylon  
  38  7:41  Pylon  
  38  7:48  Pylon  
  38  7:52  Carrier  
  38  7:57  Probe (Chrono Boost)  
  45  8:01  Probe (Chrono Boost)  
  47  8:07  Probe (Chrono Boost)  
  47  8:10  Probe (Chrono Boost)  
  48  8:13  Probe (Chrono Boost)  
  48  8:14  Probe (Chrono Boost)  
  48  8:17  Carrier  
  56  8:23  Probe  
  56  8:25  Assimilator  
  56  8:26  Probe  
  58  8:30  Assimilator  
  58  8:35  Probe  
  59  8:47  Carrier  
  65  8:52  Immortal  
  65  8:54  Immortal  
  73  9:22  Carrier  
  85  9:38  Immortal  
  89  9:44  Carrier  
  89  9:48  Graviton Catapult  
  89  9:57  Mothership  
  97  10:18  Carrier  
  103  10:30  Probe  
  104  10:42  Probe  
  105  10:43  Immortal  
  105  10:44  Immortal  
  113  11:04  Carrier  
  119  11:13  Protoss Air Weapons Level 1 (Chrono Boost)  
  119  11:23  Immortal  
  123  11:29  Cybernetics Core  
  123  12:33  Pylon  
  123  12:35  Pylon  
  123  12:38  Pylon  
  123  12:41  Pylon  
  123  12:46  Protoss Air Armor Level 1 (Chrono Boost)  
  123  12:50  Carrier  
  129  12:53  Carrier x2  
  129  12:56  Carrier  
  147  13:14  Protoss Shields Level 1  
  147  13:42  Immortal x2  
  155  14:05  Nexus  
  155  14:26  Pylon  
  155  14:29  Pylon  
  155  14:33  Pylon  
  155  14:36  Pylon  
  155  14:45  Immortal x2  
  163  14:47  Carrier  
  163  14:51  Carrier x2  
  181  14:53  Carrier  
  187  15:24  Observer x2  
Show
View Real Time Build Order
Export as new Build Order

A.I. 1 (Hard) Zerg 

Build Orders: Pool First 

Get SALT Encoding   

  12  0:00  Drone  
  13  0:13  Overlord  
  13  0:18  Drone  
  14  0:31  Drone  
  14  0:32  Drone  
  16  0:44  Spawning Pool  
  16  0:45  Drone  
  16  0:50  Drone  
  16  0:53  Extractor  
  16  0:56  Drone  
  17  1:06  Overlord  
  17  1:31  Zergling x2, Queen  
  20  1:34  Zergling x2  
  20  1:38  Roach Warren  
  20  1:39  Drone  
  21  1:44  Extractor  
  20  1:49  Drone  
  20  1:52  Baneling Nest  
  20  2:00  Drone  
  21  2:11  Drone  
  22  2:21  Zergling x2  
  23  2:32  Drone  
  23  2:36  Baneling  
  24  2:38  Overlord, Zergling x2, Baneling x2  
  24  2:40  Zergling x2  
  26  2:44  Zergling x2  
  27  2:55  Drone  
  28  3:05  Zergling x2  
  28  3:10  Overlord, Zergling x2  
  28  3:12  Zergling x2  
  31  3:17  Zergling x2  
  32  3:20  Baneling x3  
  32  3:28  Zergling x2  
  33  3:36  Evolution Chamber  
  33  3:39  Drone  
  33  3:41  Zergling x2  
  33  3:42  Drone  
  33  3:43  Drone  
  36  3:50  Drone  
  37  4:01  Drone  
  38  4:13  Drone  
  38  4:14  Drone, Overlord  
  40  4:36  Lair  
  39  4:38  Evolution Chamber  
  36  4:46  Drone  
  29  5:01  Zergling x2  
  29  5:07  Zergling x2  
  29  5:10  Zerg Melee Weapons Level 1  
  29  5:13  Zergling x2  
  31  5:18  Zerg Ground Armor Level 1  
  31  5:33  Zergling x2  
  31  5:35  Spire  
  31  5:36  Drone  
  31  5:39  Metabolic Boost  
  32  5:45  Zergling x2  
  33  5:58  Burrow  
  33  6:15  Spore Crawler  
  33  6:16  Drone  
  33  6:25  Spore Crawler  
  32  6:46  Mutalisk  
  34  6:49  Spine Crawler, Hatchery  
  34  6:51  Spine Crawler, Drone  
  34  6:52  Mutalisk  
  34  6:53  Drone  
  35  6:58  Mutalisk  
  37  7:04  Zerg Missile Weapons Level 1, Mutalisk  
  37  7:06  Overseer  
  39  7:09  Queen  
  39  7:10  Mutalisk  
  43  7:15  Mutalisk  
  43  7:16  Overseer  
  43  7:34  Mutalisk  
  43  7:52  Mutalisk  
  45  7:59  Zergling x2, Baneling  
  45  8:02  Drone, Queen  
  45  8:03  Drone  
  45  8:05  Drone, Baneling  
  51  8:06  Drone  
  51  8:08  Drone  
  51  8:09  Drone  
  54  8:17  Overlord  
  54  8:22  Extractor  
  54  8:25  Roach, Spore Crawler  
  54  8:28  Spore Crawler  
  54  8:30  Roach  
  55  8:38  Hydralisk Den  
  53  8:48  Roach  
  54  8:53  Roach  
  56  8:58  Roach  
  58  9:06  Hydralisk  
  58  9:09  Overlord  
  60  9:11  Hydralisk  
  60  9:16  Hydralisk  
  62  9:21  Pneumatized Carapace  
  64  9:32  Overseer  
  64  9:36  Roach  
  66  9:41  Roach  
  66  9:44  Overlord  
  68  9:49  Roach  
  70  9:55  Roach  
  72  10:00  Roach  
  72  10:05  Hydralisk  
  76  10:11  Overlord  
  76  10:17  Hydralisk  
  78  10:23  Hydralisk  
  80  10:34  Infestation Pit  
  79  10:40  Drone  
  80  10:47  Overlord  
  80  10:50  Drone  
  80  10:54  Drone  
  82  10:57  Drone  
  82  11:00  Drone  
  82  11:03  Drone  
  85  11:06  Drone  
  85  11:10  Infestor, Drone  
  89  11:28  Hatchery  
  89  11:31  Drone  
  89  11:37  Overlord  
  89  11:40  Drone  
  89  11:42  Drone  
  89  11:44  Drone  
  92  11:47  Drone  
  92  11:50  Drone  
  92  11:54  Infestor  
  94  11:59  Overlord  
  96  12:04  Roach  
  96  12:07  Roach  
  100  12:11  Infestor  
  100  12:15  Infestor  
  100  12:20  Infestor  
  102  12:23  Drone  
  102  12:27  Overlord  
  102  12:29  Drone  
  104  12:31  Overseer  
  104  12:38  Zerg Melee Weapons Level 2  
  104  12:41  Drone  
  104  12:43  Drone  
  106  12:46  Drone  
  106  12:48  Drone  
  108  12:53  Overlord  
  108  12:54  Drone  
  108  12:57  Drone  
  110  12:58  Drone  
  110  13:00  Drone  
  110  13:02  Drone  
  110  13:04  Drone  
  110  13:05  Drone  
  115  13:07  Drone  
  115  13:08  Drone  
  115  13:10  Drone  
  115  13:11  Drone  
  119  13:14  Overlord  
  119  13:16  Drone  
  119  13:18  Drone  
  119  13:19  Drone  
  122  13:21  Drone  
  122  13:22  Drone  
  124  13:27  Zerg Ground Armor Level 2  
  124  13:35  Overlord  
  124  13:40  Pathogen Glands  
  124  13:43  Glial Reconstitution  
  124  13:50  Extractor  
  124  13:51  Extractor  
  124  13:52  Drone  
  124  13:54  Extractor  
  124  13:55  Drone  
  123  13:57  Zerg Flyer Weapons Level 1  
  123  14:12  Drone  
  124  14:36  Neural Parasite  
  124  14:37  Spine Crawler  
  124  14:38  Hive, Drone  
  124  14:47  Spine Crawler  
  124  14:48  Drone  
  124  14:50  Spore Crawler  
  124  14:51  Drone  
  124  14:52  Spore Crawler  
  124  14:54  Roach, Zerg Missile Weapons Level 2, Drone  
  124  14:56  Overlord  
  124  14:57  Roach  
  128  15:00  Roach  
  128  15:03  Roach  
  128  15:05  Hydralisk  
  134  15:08  Hydralisk  
  136  15:15  Overlord  
  136  15:18  Spine Crawler  
  136  15:19  Drone  
  136  15:23  Spine Crawler  
  136  15:24  Drone  
  136  15:26  Queen  
  137  15:29  Roach  
  137  15:31  Hydralisk  
  137  15:34  Zergling x2  
  93  15:37  Hydralisk  
  93  15:39  Hydralisk, Overseer  
  93  15:41  Overseer  
  89  15:43  Roach  
  89  15:46  Roach  
  89  15:49  Roach  
  95  15:51  Infestor  
  95  15:54  Overseer  
  95  15:56  Roach  
  99  15:58  Overlord  
  99  15:59  Roach  
  99  16:02  Roach  
  103  16:05  Roach  
  103  16:08  Roach  
  103  16:11  Roach  
  109  16:14  Roach  
  109  16:16  Roach, Overlord  
  109  16:17  Overlord  
  112  16:20  Overlord  
  112  16:22  Overlord x2  
  110  16:26  Overseer  
  97  16:35  Hydralisk  
  97  16:38  Hydralisk  
  80  16:42  Hydralisk  
  80  16:45  Overlord  
  80  16:46  Overseer x2  
  50  16:50  Roach  
  50  16:53  Roach  
  44  16:56  Roach  
  44  16:59  Roach  
  44  17:00  Hatchery  
  46  17:03  Roach  
  46  17:05  Overlord  
  46  17:07  Roach  
  46  17:09  Overseer  
  46  17:10  Hydralisk  
  46  17:14  Roach  
  44  17:16  Overlord  
  44  17:19  Overlord  
  40  17:26  Hatchery  
  26  17:45  Overlord  
  24  18:01  Spawning Pool, Overlord  
  22  18:13  Drone  
  22  18:16  Drone  
  22  18:19  Drone  
  18  18:22  Drone  
  2  18:43  Hatchery  
Tags
 
Add a new tag
Caveats
  • Supply blocks, unpowered buildings, or Contaminate may cause inaccurate times.
  • Supply counts are checked every 10 seconds.